 Dungeon Crawl Stone Soup version 0.29-a0-330-g52719c12eb (webtiles) character file.

Game seed: 11742127960128363666

2779 Aelig the Martial Artist (level 10, -14/74 HPs)
             Began as a Djinni Transmuter on May 18, 2022.
             Was a Believer of Elyvilon.
             Demolished by a two-headed ogre
             ... wielding a +0 giant spiked club
              (18 damage)
             ... on level 7 of the Dungeon.
             The game lasted 00:21:13 (10791 turns).

Aelig the Martial Artist (Djinni Transmuter)       Turns: 10791, Time: 00:21:13

Health: -14/74     AC:  9    Str:  9    XL:     10   Next: 1%
Gold:   335        EV: 10    Int: 24    God:    Elyvilon [**....] SH:  5 Dex: 15

rFire   x . .      SeeInvis +     - Unarmed
rCold   + + +      Faith    .   (shield currently unavailable)
rNeg    . . .      Spirit   .   (body armour currently unavailable)
rPois   ∞          Reflect  +   (helmet currently unavailable)
rElec   .          Harm     .   (cloak currently unavailable)
rCorr   .          Rampage  .   (gloves currently unavailable)
Will    +....                   (boots unavailable)
Stlth   +.........              y - amulet of reflection
HPRegen 0.22/turn               E - ring of see invisible
MPRegen 0.00/turn               G - +6 ring of intelligence

@: ice-form, flying
A: freezing attack, flying, boosted hp, sickness immunity, large, (fire
resistance 2), (cold vulnerability 1), float, innate caster, HP casting, extra
vitality 1
a: End Transformation, Renounce Religion, Purification, Heal Other


You were on level 7 of the Dungeon.
You worshipped Elyvilon.
Elyvilon was pleased with you.
You were a creature of crystalline ice.
You visited 2 branches of the dungeon, and saw 8 of its levels.

You collected 335 gold pieces.

Inventory:

Missiles
 e - 213 stones (quivered)
 i - 6 javelins
Armour
 h - a +0 cloak (melded)
 o - a +0 robe of resistance (melded)
 t - a +0 pair of gloves (melded)
Jewellery
 y - an amulet of reflection (around neck)
 E - a ring of see invisible (left front paw)
 G - a +6 ring of intelligence (right front paw)
Wands
 v - a wand of paralysis (16)
 x - a wand of iceblast (12)
Scrolls
 a - a scroll of holy word {unknown}
 c - 2 scrolls of fog
 d - a scroll of torment {unknown}
 j - 3 scrolls of teleportation
 m - 2 scrolls of amnesia {unknown}
 n - 2 scrolls of enchant armour {unknown}
 p - a scroll of immolation {unknown}
 r - 2 scrolls of vulnerability {unknown}
 s - a scroll of fear {unknown}
 A - a scroll of magic mapping {unknown}
 C - 2 scrolls of identify
 D - a scroll of blinking {unknown}
 F - a scroll of summoning {unknown}
Potions
 b - 3 potions of lignification
 f - a potion of resistance {unknown}
 g - 2 potions of curing
 k - 5 potions of brilliance
 l - a potion of mutation {unknown}
 q - a potion of flight {unknown}
 u - a potion of might {unknown}
 w - a potion of invisibility {unknown}
 z - 2 potions of berserk rage {unknown}
 B - a potion of magic {unknown}


   Skills:
 - Level 1.0 Fighting
 - Level 2.1 Dodging
 * Level 11.1 Unarmed Combat
 + Level 5.9 Spellcasting


You couldn't memorise any spells.
You knew the following spells:

 Your Spells              Type           Power      Damage    Failure   Level
a - Beastly Appendage     Tmut           70%        N/A       1%          1
b - Wereblood             Tmut           35%        N/A       1%          2
c - Spider Form           Tmut/Pois      35%        N/A       1%          3
d - Ice Form              Ice/Tmut       35%        N/A       7%          4
e - Animate Skeleton      Necr           70%        N/A       1%          1
f - Static Discharge      Conj/Air       35%        N/A       1%          2
g - Vampiric Draining     Necr           35%        2d8       1%          3
h - Petrify               Tmut/Erth      35%        N/A       7%          4
Your spell library was empty.

Dungeon Overview and Level Annotations

Branches:
Dungeon (7/15)             Temple (1/1) D:4

Altars:
Ashenzari
Cheibriados
Dithmenos
Elyvilon
Fedhas
Gozag
Hepliaklqana
Kikubaaqudgha
Makhleb
Nemelex Xobeh
Okawaru
Qazlal
Ru
Sif Muna
Trog
Uskayaw
Vehumet
Wu Jian
Xom
Yredelemnul
Zin
The Shining One

Annotations:
D:4 3 runed translucent doors, kae's ghost, amateur DgFE
D:6 2 runed translucent doors, kae's ghost, novice DgFE


Innate Abilities, Weirdness & Mutations

You are a creature of crystalline ice.
You have a powerful freezing melee attack.
You are flying.
Your maximum health is increased.
Your armour is entirely melded.
You are incapable of wielding weapons or throwing items.
You are immune to sickness and miasma.
You are immune to poison.
((Your flesh is very heat resistant. (rF++)))
((You are vulnerable to cold. (rC-)))
You float through the air rather than walking.
You learn spells naturally, not from books.
Your magical power is your life essence.
You have superior vitality. (+4 MHP)


Message History

A two-headed ogre comes into view.
It is wielding two +0 giant spiked clubs.
The two-headed ogre shouts in stereo!
Casting: Beastly Appendage (safe; 1% risk of failure)
Confirm with . or Enter, or press ? or * to list all spells.
Okay, then.
Unknown command.
Okay, then.
Okay, then.
Your transformation is almost over.
A two-headed ogre is nearby!
A two-headed ogre is nearby!
Your horns disappear.
There is an open door here.
You reach down and close the door.
There is an open door here.
Something unseen opens the door.
You reach down and close the door.
A two-headed ogre is nearby!
Casting: Beastly Appendage (safe; 1% risk of failure)
Confirm with . or Enter, or press ? or * to list all spells.
You turn into a creature of crystalline ice.
Your +0 cloak melds into your body.
Your +0 pair of gloves melds into your body.
Your +0 robe of resistance melds into your body.
You feel hot and cold all over.
The two-headed ogre hits you with a +0 giant spiked club!
The two-headed ogre barely misses you.
You punch the two-headed ogre! You freeze the two-headed ogre.
The two-headed ogre is lightly wounded.
You punch the two-headed ogre! You freeze the two-headed ogre.
The two-headed ogre is moderately wounded.
The two-headed ogre hits you with a +0 giant spiked club! x2
You barely miss the two-headed ogre.
The two-headed ogre is moderately wounded.
You punch the two-headed ogre! You freeze the two-headed ogre.
The two-headed ogre is severely wounded.
The two-headed ogre hits you with a +0 giant spiked club!!
* * * LOW HITPOINT WARNING * * *
The two-headed ogre hits you with a +0 giant spiked club!!
You die...

#.# #####.## #.# #.# #......#
##'## #.## #.###..# ##...##
###..# #.# #..#### ##.....##
##.##.# #.###.....# ##.......##
#.....####.........###.........##
.....................'.........'.
#.....###.#####......#.........##
#.....# #.# ##YO..###>......##
#.....###.# #.#.## ##.....##
##........# #.### ##...##
##.####### #.# ##'## #.# #.# #.#
#.# #.###### #.# #.# #......#
##.## #.# #..###.###...## #.#
#..# #.##.....#


You could see a two-headed ogre.

Vanquished Creatures
  A steam dragon (D:7)
  A water moccasin (D:6)
  3 ice beasts
  A black bear (D:7)
  A sky beast (D:6)
  An ogre (D:6)
  A centaur (D:3)
  A phantom (D:6)
  4 kobold brigands
  3 bullfrogs (D:7)
  2 scorpions
  5 wights (D:7)
  3 howler monkeys
  6 orc priests
  4 hounds
  4 iguanas
  A jelly (D:7)
  Jessica (D:2)
  Ijyb (D:5)
  2 orc wizards
  9 gnolls
  11 adders
  A shadow imp (D:6)
  2 ufetubi (D:5)
  2 worms
  4 dart slugs
  26 orcs
  4 bats
  5 endoplasms
  A giant cockroach (D:2)
  12 goblins
  5 hobgoblins
  7 quokkas
  8 ball pythons
  3 frilled lizards
  21 kobolds
  9 rats
  A spectral orc (D:6)
177 creatures vanquished.

Vanquished Creatures (collateral kills)
  A hound (D:4)
  A gnoll (D:4)
2 creatures vanquished.

Vanquished Creatures (others)
  9 plants
9 creatures vanquished.

Grand Total: 188 creatures vanquished

Notes
Turn   | Place    | Note
-------+----------+-------------------------------------------
     0 | D:1      | Aelig the Djinni Transmuter began the quest for the Orb.
     0 | D:1      | Reached XP level 1. HP: 17/17 MP: 0/0
   366 | D:1      | Reached XP level 2. HP: 21/22 MP: 0/0
   798 | D:2      | Found a sacrificial altar of Ru.
  1193 | D:2      | Reached XP level 3. HP: 26/27 MP: 0/0
  1193 | D:2      | Learned a level 1 spell: Animate Skeleton
  1430 | D:2      | Reached skill level 4 in Unarmed Combat
  1580 | D:2      | Found a faded altar of an unknown god.
  1858 | D:2      | Reached XP level 4. HP: 32/32 MP: 0/0
  1962 | D:2      | Noticed Jessica
  1970 | D:2      | Killed Jessica
  2526 | D:3      | Noticed a centaur
  2532 | D:3      | Reached XP level 5. HP: 37/37 MP: 0/0
  2532 | D:3      | Learned a level 2 spell: Static Discharge
  2543 | D:3      | Killed a centaur
  2544 | D:3      | Reached skill level 5 in Unarmed Combat
  2544 | D:3      | Reached XP level 6. HP: 39/42 MP: 0/0
  3712 | D:4      | Noticed kae's ghost (amateur DgFE)
  3712 | D:4      | Found a runed translucent gate.
  3712 | D:4      | Found a runed translucent gate.
  3712 | D:4      | Found a runed translucent gate.
  3784 | D:4      | Reached skill level 6 in Unarmed Combat
  3803 | D:4      | Reached XP level 7. HP: 9/47 MP: 0/0
  3803 | D:4      | Learned a level 3 spell: Vampiric Draining
  4591 | D:4      | Reached skill level 7 in Unarmed Combat
  5126 | D:4      | Found a staircase to the Ecumenical Temple.
  5131 | Temple   | Entered the Ecumenical Temple
  5300 | Temple   | Became a worshipper of the Shining One
  5385 | D:5      | Entered Level 5 of the Dungeon
  5510 | D:5      | Reached XP level 8. HP: 19/52 MP: 0/0
  6021 | D:5      | Noticed Ijyb
  6322 | D:5      | Killed Ijyb
  6790 | D:5      | Reached skill level 8 in Unarmed Combat
  6863 | D:5      | Found a shadowy altar of Dithmenos.
  7616 | D:6      | Found an opulent altar of Gozag.
  7616 | D:6      | Found a sparkling altar of Nemelex Xobeh.
  7618 | D:6      | Found a white marble altar of Elyvilon.
  7620 | D:6      | Found a hide-covered altar of Uskayaw.
  7632 | D:6      | Fell from the grace of the Shining One
  7632 | D:6      | Became a worshipper of Elyvilon the Healer
  7674 | D:6      | Reached skill level 9 in Unarmed Combat
  7690 | D:6      | Reached XP level 9. HP: 50/57 MP: 0/0
  7690 | D:6      | Learned a level 4 spell: Petrify
  7916 | D:6      | Reached skill level 5 in Spellcasting
  8227 | D:6      | Found a large runed translucent door.
  8227 | D:6      | Found a large runed translucent door.
  8494 | D:6      | Found a basalt altar of Yredelemnul.
  8715 | D:6      | Reached * piety under Elyvilon
  8782 | D:6      | Reached skill level 10 in Unarmed Combat
  9105 | D:6      | Noticed kae's ghost (novice DgFE)
  9453 | D:7      | Identified the +1 robe of Trumpets {Contam +Inv rCorr}
  9856 | D:7      | Reached ** piety under Elyvilon
 10306 | D:7      | Reached skill level 11 in Unarmed Combat
 10726 | D:7      | Reached XP level 10. HP: 62/62 MP: 0/0
 10740 | D:7      | Noticed a two-headed ogre
 10791 | D:7      | Demolished by a two-headed ogre

Illustrated notes

Levels and vault maps discovered:
D:1:      moated_graveyard_arrival, layout_basic
D:2:      kennysheep_six_static_rooms, layout_loops_ring, serial_forest,
          infiniplex_forest_lined_3_way, infiniplex_forest_clump_tiny,
          infiniplex_forest_lined_room_, infiniplex_forest_straight_2,
          infiniplex_forest_corner_2, infiniplex_forest_lined_corner,
          infiniplex_forest_end_3, infiniplex_forest_lined_corner,
          infiniplex_forest_end_2, ebering_ecumenical_altar_rust, basic_altar,
          uniq_jessica
D:3:      layout_basic, minmay_close_crescents
D:4:      layout_cave_pools, minmay_temple_entry_nine_rooms,
          gammafunk_ghost_split
D:5:      layout_basic, general_overflow_altar, uniq_ijyb
D:6:      layout_basic, mainiacjoe_overflow_alcove_3,
          yredelemnul_forgotten_temple_becter, ebering_ghost_disaster_area,
          serial_bayou_ford_a, minmay_ogre_servants
D:7:      layout_loops_corners, minmay_statues_item
Temple:   eino_temple_rhombus

Skill      XL: |  1  2  3  4  5  6  7  8  9 |
---------------+----------------------------+-----
Spellcasting   | 2 3 4 5 |  5.9
Unarmed Combat | 4 5 6 7 9 11 | 11.1
Fighting       | |  1.0
Dodging        | |  2.1

Action                   |  1- 3 |  4- 6 |  7- 9 | 10-12 || total
-------------------------+-------+-------+-------+-------++-------
Melee: Unarmed           |    93 |   143 |   339 |     4 ||   579
       Punch             |     4 |     6 |    12 |       ||    22
       Headbutt          |    13 |    18 |    20 |       ||    51
 Cast: Beastly Appendage |    18 |    18 |    25 |       ||    61
       Wereblood         |       |     6 |     9 |       ||    15
       Spider Form       |       |     1 |    23 |       ||    24
       Animate Skeleton  |       |       |     5 |       ||     5
       Vampiric Draining |       |       |     1 |       ||     1
       Ice Form          |       |       |       |     1 ||     1
  Use: Scroll            |       |     5 |     3 |       ||     8
       Potion            |       |     2 |     5 |       ||     7
 Stab: Sleeping          |     2 |     1 |     1 |       ||     4
Armor: Robe              |    13 |    25 |    20 |       ||    58
       Skin              |       |    22 |    13 |       ||    35
Dodge: Dodged            |    53 |    72 |   248 |     1 ||   374
Block: Other             |       |       |    24 |       ||    24
       Reflection        |       |       |     1 |       ||     1

Table legend: (Time is in decaauts)
 A = Elapsed time spent in this place.
 B = Non-inter-level travel time spent in this place.
 C = Inter-level travel time spent in this place.
 D = Time resting spent in this place.
 E = Time spent auto-exploring this place.
 F = Levels seen in this place.
 G = Mean time per level.
                   A        B        C        D        E       F      G
               +--------+--------+--------+--------+--------+-----+--------+
         Total |  10720 |  10488 |    232 |   4083 |   4302 |   8 | 1340.0 |
       Dungeon |  10534 |  10346 |    188 |   4083 |   4175 |   7 | 1504.9 |
        Temple |    185 |    141 |     44 |      0 |    127 |   1 |  185.0 |
               +--------+--------+--------+--------+--------+-----+--------+

Top non-repeatable levels by time:
     D:6: 1727 daAuts
     D:4: 1689 daAuts
     D:5: 1674 daAuts
     D:7: 1645 daAuts
     D:2: 1548 daAuts
     D:3: 1453 daAuts
     D:1: 796 daAuts
  Temple: 185 daAuts
